Map: Orbital Shipyard

Players

Myk

  • Race: Terran Terran
  • League: Bronze

wabbajack - Winner!

  • Race: Zerg Zerg
  • League: Gold

VOD

Have the link to the VOD?

Description

Time

  • Played on: July 20, 2015, 12:31 p.m.
  • Length: 4:58
Show
View Real Time Build Order
Export as new Build Order

Myk Terran 

Build Orders:  

Get SALT Encoding   

  12  0:01  SCV  
  13  0:13  SCV  
  14  0:20  Supply Depot  
  14  0:25  SCV  
  15  0:35  Refinery  
  15  0:42  SCV  
  16  0:49  Barracks  
  16  0:54  SCV  
  17  1:06  SCV  
  18  1:18  SCV  
  19  1:36  Marine  
  19  1:39  Command Center  
  20  1:50  Factory  
  20  2:04  Supply Depot, SCV  
  21  2:15  Refinery  
  21  2:16  SCV  
  21  2:18  Marine  
  23  2:30  SCV  
  23  2:36  Starport  
  24  2:42  SCV  
  25  2:48  Widow Mine  
  27  2:54  Orbital Command  
  27  3:02  Orbital Command  
  27  3:12  Barracks Reactor  
  27  3:16  Widow Mine  
  27  3:17  Medivac  
  31  3:34  Engineering Bay  
  31  3:43  SCV  
  31  3:44  Barracks  
  31  3:46  Barracks  
  32  3:49  Refinery  
  32  3:50  SCV  
  32  3:55  SCV  
  34  4:00  Marine x2  
  36  4:04  Factory Tech Lab  
  36  4:05  Starport Reactor  
  36  4:07  Factory Reactor  
  36  4:09  SCV  
  37  4:13  SCV  
  38  4:18  Missile Turret  
Show
View Real Time Build Order
Export as new Build Order

wabbajack Zerg - Winner!

Build Orders: Hatch First 

Get SALT Encoding   

  12  0:01  Drone  
  13  0:13  Overlord  
  13  0:17  Drone  
  14  0:25  Drone, Extractor  
  15  0:34  Drone  
  16  0:39  Drone  
  17  0:55  Hatchery  
  16  0:59  Extractor  
  15  1:11  Spawning Pool  
  15  1:13  Drone  
  15  1:17  Drone  
  16  1:29  Drone  
  17  1:34  Drone  
  17  1:37  Drone  
  19  1:47  Overlord  
  19  1:55  Extractor  
  19  1:58  Queen  
  20  2:06  Drone  
  21  2:08  Queen  
  21  2:15  Drone x2  
  25  2:18  Metabolic Boost  
  25  2:28  Zergling x2  
  26  2:30  Zergling x4  
  28  2:40  Baneling Nest  
  27  2:52  Pneumatized Carapace  
  27  2:58  Zergling x4  
  30  3:05  Drone x2  
  30  3:06  Drone x2  
  30  3:12  Overlord  
  33  3:22  Zergling x4  
  33  3:23  Zergling x2  
  36  3:33  Baneling x4  
  36  3:46  Drone x4  
  36  3:47  Drone x2  
Tags
 
Add a new tag
Caveats
  • Supply blocks, unpowered buildings, or Contaminate may cause inaccurate times.
  • Supply counts are checked every 10 seconds.